 Dungeon Crawl Stone Soup version 0.25-a0-589-g1e14c549ee (webtiles) character file.

Game seed: 15656622860413456496, levelgen mode: deterministic

18 ReteAZ the Ruffian (level 2, 0/18 HPs)
             Began as a Gargoyle Gladiator on Mar 13, 2020.
             Killed from afar by Sigmund (2 damage)
             ... with a magic dart
             ... on level 2 of the Dungeon.
             The game lasted 00:00:46 (989 turns).

ReteAZ the Ruffian (Gargoyle Gladiator)              Turns: 989, Time: 00:00:47

Health: 0/18       AC:  6    Str: 17    XL:     2   Next: 66%
Magic:  2/2        EV: 12    Int:  8    God:
Gold:   93         SH:  0    Dex: 11    Spells: 1/1 levels left

rFire    . . .     SeeInvis .     - Unarmed
rCold    . . .     Gourm    .   (no shield)
rNeg     + . .     Faith    .   a - +0 leather armour
rPois    ∞         Spirit   .   b - +0 helmet
rElec    +         Reflect  .   (no cloak)
rCorr    .         Harm     .   (no gloves)
MR       .....                  (no boots)
Stlth    +.........             (no amulet)
HPRegen  0.06/turn              (no ring)
MPRegen  0.08/turn              (no ring)

@: no status effects
A: negative energy resistance 1, electricity resistance, unbreathing,
petrification resistance, rot immunity, AC +2
a: no special abilities


You were on level 2 of the Dungeon.
You were not hungry.

You visited 1 branch of the dungeon, and saw 2 of its levels.

You collected 93 gold pieces.

Inventory:

Missiles
 c - 5 throwing nets (quivered)
 j - 97 stones
 k - 25 poisoned darts
Armour
 a - a +0 leather armour (worn)
 b - a +0 helmet (worn)
 i - a +0 kite shield
Jewellery
 o - an uncursed ring of wizardry {unknown}
Scrolls
 e - a scroll of fear {unknown}
 f - a scroll of enchant armour {unknown}
 g - a scroll of immolation {unknown}
 l - a scroll of identify {unknown}
 m - a scroll of teleportation {unknown}
 r - a scroll of blinking {unknown}
 s - a scroll of remove curse {unknown}
 t - a scroll of magic mapping {unknown}
Potions
 h - a potion of magic {unknown}
 n - 5 potions of curing {unknown}
 p - a potion of lignification {unknown}
Comestibles
 d - 2 rations
 q - 4 chunks of flesh


   Skills:
 + Level 2.9 Fighting
 - Level 1.7 Throwing
 - Level 2.4 Dodging
 + Level 3.4 Unarmed Combat


You had one spell level left.
You didn't know any spells.
Your spell library was empty.

Dungeon Overview and Level Annotations

Branches:
Dungeon (2/15)

Altars:

Annotations:
D:2 Sigmund


Innate Abilities, Weirdness & Mutations

You are resistant to torment.
Your stone body is resilient. (AC +2)
You are immune to poison.
You resist negative energy. (rN+)
You are resistant to electric shocks. (rElec)
You can survive without breathing.
You are immune to petrification.
You are immune to rotting.


Message History

Sigmund is severely wounded.
The quokka bites you but does no damage.
You barely miss Sigmund.
Sigmund is severely wounded.
The quokka bites you. Sigmund barely misses you.
You hit Sigmund.
Sigmund is almost dead.
The quokka bites you.
The quokka bites you but does no damage.
You closely miss Sigmund.
Sigmund is almost dead.
Sigmund hits you with a +0 scythe!
Ouch! That really hurt!
* * * LOW HITPOINT WARNING * * *
The quokka misses you.
You hit Sigmund but do no damage.
Sigmund is almost dead.
Sigmund gestures at you while chanting. The magic dart hits you.
You die...

..............#............#.....
###########.....#.########...####
..........'.....+.# #...#
###########.....######## #...#
#......'....... +...#
#......######## #...#
#......'......# #....
#......######.# #.....
#......@@...# #.....
#......#r.#.# #.........#
##.......... ######......
........ ........ #......


You could see Sigmund and a quokka.

Vanquished Creatures
  A ball python (D:2)
  3 giant cockroaches
  4 hobgoblins
  2 jackals (D:1)
  3 bats (D:2)
  A kobold (D:1)
  2 rats
16 creatures vanquished.

Notes
Turn   | Place    | Note
-------+----------+-------------------------------------------
     0 | D:1      | ReteAZ the Gargoyle Gladiator began the quest for the Orb.
     0 | D:1      | Reached XP level 1. HP: 12/12 MP: 1/1
   363 | D:1      | Reached XP level 2. HP: 18/18 MP: 2/2
   977 | D:2      | Noticed Sigmund
   989 | D:2      | Killed from afar by Sigmund

Levels and vault maps discovered:
D:1:      saegor_arrival_miasma, layout_basic
D:2:      layout_basic, minmay_liquid_box, minmay_cut_off, uniq_sigmund

Action                   || total
-------------------------++-------
Melee: Unarmed           ||    61
       Punch             ||     1
Armor: Leather armour    ||    18
Dodge: Dodged            ||    50

Table legend:
 A = Non-vault XP
 B = Vault XP
 C = Vault XP percentage of total XP
 D = Non-vault monster count
 E = Vault monster count
 F = Vault count percentage of total count
                 A         B        C        D         E       F
            +---------+---------+-------+---------+---------+-------
      Total |      24 |       2 |   7.7 |      15 |       1 |   6.2
            +---------+---------+-------+---------+---------+-------
        D:1 |      12 |       0 |   0.0 |       7 |       0 |   0.0
        D:2 |      12 |       2 |  14.3 |       8 |       1 |  11.1
            +---------+---------+-------+---------+---------+-------
